 Dungeon Crawl Stone Soup version 0.27.1 (webtiles) character file.

Game seed: 5786772721883847055

1463 Malachi the Geomancer (level 8, -3/57 HPs)
             Began as a Ghoul Earth Elementalist on Aug 29, 2021.
             Was a Believer of Ru.
             Killed from afar by Maggie (19 damage)
             ... with a bolt of fire
             ... on level 6 of the Dungeon.
             The game lasted 00:12:33 (7393 turns).

Malachi the Geomancer (Ghoul Earth Elementalist)    Turns: 7393, Time: 00:12:34

Health: -3/57      AC:  7    Str: 12    XL:     8   Next: 77%
Magic:  1/11       EV: 12    Int: 12    God:    Ru [**....]
Gold:   255        SH:  0    Dex:  9    Spells: 7/13 levels left

rFire    x . .     SeeInvis .   e - +2 dagger (distort)
rCold    . . .     Faith    +   (no shield)
rNeg     + + +     Spirit   .   b - +1 robe
rPois    ∞         Reflect  .   (no helmet)
rElec    .         Harm     .   v - +0 cloak
rCorr    .         Rampage  .   s - +2 pair of gloves
Will     +....                  (no boots)
Stlth    ++........             r - amulet of faith
HPRegen  0.00/turn              p - ring of willpower
MPRegen  0.12/turn              (no ring)

@: inhibited regen
A: claws 1, cold resistance 1, negative energy resistance 3, inhibited
regeneration, torment resistance 2, temperature sensitive
a: Renounce Religion


You were on level 6 of the Dungeon.
You worshipped Ru.
Ru was pleased with you.
You visited 1 branch of the dungeon, and saw 6 of its levels.
You also visited: Ossuary.

You collected 255 gold pieces.

Inventory:

Hand Weapons
 d - a +0 short sword
 e - a +2 dagger of distortion (weapon)
Missiles
 m - 55 stones
Armour
 b - a +1 robe (worn)
 s - a +2 pair of gloves (worn)
 v - a +0 cloak (worn)
Jewellery
 f - a ring of ice
 p - a ring of willpower (left hand)
 r - an amulet of faith (around neck)
Wands
 c - a wand of flame (46)
 k - a wand of mindburst (6)
Scrolls
 a - a scroll of amnesia
 g - a scroll of vulnerability
 h - a scroll of enchant armour
 n - 2 scrolls of teleportation
 q - 3 scrolls of fog
Potions
 i - a potion of brilliance
 j - 2 potions of heal wounds
 l - a potion of magic
 o - 2 potions of flight {unknown}
 t - 2 potions of curing {unknown}
 u - 2 potions of experience {unknown}


   Skills:
 - Level 1.7 Dodging
 - Level 4.1 Stealth
 - Level 3.0 Spellcasting
 * Level 4.8 Conjurations
 - Level 1.0 Transmutations
 * Level 8.8 Earth Magic


You had 7 spell levels left.
You knew the following spells:

 Your Spells              Type           Power      Damage    Failure   Level
a - Sandblast             Erth           46%        2d11      1%          1
b - Stone Arrow           Conj/Erth      36%        3d9       4%          3
c - Passwall              Tmut/Erth      10%        N/A       4%          2

Your spell library contained the following spells:

 Spells                   Type           Power      Damage    Failure   Level
 Petrify                  Tmut/Erth      13%        N/A       32%         4


Dungeon Overview and Level Annotations

Branches:
Dungeon (6/15)             Temple (0/1) D:5         Ossuary (visited)

Altars:
Ashenzari
Dithmenos
Nemelex Xobeh
Ru
Xom
Yredelemnul
The Shining One

Shops:
D:3 ==

Annotations:
D:6 Maggie


Innate Abilities, Weirdness & Mutations

You thrive by killing the living.
You are immune to poison.
You have sharp fingernails.
Your flesh is cold resistant. (rC+)
You are immune to negative energy. (rN+++)
You do not regenerate when monsters are visible.
You are immune to unholy pain and torment.
You are sensitive to extremes of temperature. (rF-, rC-)


Message History

Press: ? - help, Shift-Dir - straight line, f/p - Maggie
Aim: Maggie, wielding a +0 glaive and wearing +0 steam dragon scales (lightly wounded, 68% to hit)
The stone arrow hits Maggie!
Maggie is moderately wounded.
Maggie mumbles the words to a spell, but in the wrong order.
Casting: Stone Arrow (dangerous; 4% risk of failure)
Confirm with . or Enter, or press ? or * to list all spells.
Aiming: Stone Arrow (dangerous; 4% risk of failure)
Press: ? - help, Shift-Dir - straight line, f/p - Maggie
Aim: Maggie, wielding a +0 glaive and wearing +0 steam dragon scales (moderately wounded, 68% to hit)
The stone arrow hits Maggie.
Maggie is moderately wounded.
Maggie hits you from afar with a +0 glaive!
Casting: Stone Arrow (dangerous; 4% risk of failure)
Confirm with . or Enter, or press ? or * to list all spells.
You don't have enough magic to cast this spell.
Unknown command.
Unknown command.
Casting: Stone Arrow (dangerous; 4% risk of failure)
Confirm with . or Enter, or press ? or * to list all spells.
Aiming: Sandblast (safe; 1% risk of failure)
Press: ? - help, Shift-Dir - straight line, f/p - Maggie
Aim: Maggie, wielding a +0 glaive and wearing +0 steam dragon scales (moderately wounded, 81% to hit)
The blast of sand hits Maggie but does no damage.
Maggie is moderately wounded.
Maggie gestures at you while chanting. The bolt of fire hits you!!
The fire burns you terribly!
Ouch! That really hurt!
* * * LOW HITPOINT WARNING * * *
Casting: Sandblast (safe; 1% risk of failure)
Confirm with . or Enter, or press ? or * to list all spells.
Aiming: Sandblast (safe; 1% risk of failure)
Press: ? - help, Shift-Dir - straight line, f/p - Maggie
Aim: Maggie, wielding a +0 glaive and wearing +0 steam dragon scales (moderately wounded, 81% to hit)
Okay, then.
As you read the scroll of fog, it crumbles to dust.
The scroll dissolves into smoke.
Maggie gestures at you while chanting. The bolt of fire hits you!!
The fire burns you terribly!
You die...

.<..# #....#
....#######....#
#+##...........#### +
#.......#####.<# #
#.......'..#...# #
#†......#..#...# . #
#.......#..'...# ...
#.......########.....
#.......(..§§@§@#
#..........§§§§§'....
...#####...§.§§§#....
...# #........# ...
.. ########## #


You could see Maggie.

Vanquished Creatures
  Sigmund (D:5)
  Edmund (D:5)
  A black bear (D:5)
  A sky beast (D:3)
  An ogre (D:5)
  An elf zombie (Ossuary)
  A water moccasin skeleton (D:4)
  A bullfrog zombie (D:5)
  2 hounds (D:4)
  2 centaur zombies (Ossuary)
  2 jellies (D:5)
  Crazy Yiuf (D:5)
  A human zombie (Ossuary)
  A bullfrog skeleton (D:4)
  A centaur skeleton (D:5)
  4 iguanas
  Natasha (thrice) (D:3)
  A hound zombie (D:5)
  2 mummies (Ossuary)
  Robin (D:3)
  A gnoll (D:1)
  12 adders
  A white imp (D:5)
  2 adder zombies (Ossuary)
  An adder skeleton (D:4)
  2 worms (D:2)
  A dart slug (D:4)
  6 orcs
  7 ball pythons
  2 bats (D:1)
  7 endoplasms
  5 giant cockroaches
  12 goblins
  2 hobgoblins
  4 kobolds
  6 quokkas
  2 frilled lizards
  2 goblin zombies (Ossuary)
  13 hobgoblin zombies (Ossuary)
  6 kobold zombies (Ossuary)
  6 orc zombies (Ossuary)
  6 rats
  A rat zombie (Ossuary)
136 creatures vanquished.

Vanquished Creatures (others)
  4 plants (D:2)
4 creatures vanquished.

Grand Total: 140 creatures vanquished

Notes
Turn   | Place    | Note
-------+----------+-------------------------------------------
     0 | D:1      | Malachi the Ghoul Earth Elementalist began the quest for
                  | the Orb.
     0 | D:1      | Reached XP level 1. HP: 14/14 MP: 2/2
    90 | D:1      | Reached skill level 1 in Transmutations
   271 | D:1      | Reached XP level 2. HP: 3/20 MP: 0/4
   725 | D:1      | Reached XP level 3. HP: 26/26 MP: 1/5
   839 | D:1      | Reached skill level 4 in Earth Magic
  1905 | D:2      | Found a shimmering altar of Xom.
  1937 | D:2      | Reached XP level 4. HP: 28/33 MP: 1/6
  2201 | D:2      | Found a faded altar of an unknown god.
  2526 | D:3      | Found Puleca's Jewellery Boutique.
  2608 | D:3      | Noticed Natasha
  2613 | D:3      | Killed Natasha
  2713 | D:3      | Noticed Natasha
  2719 | D:3      | Killed Natasha
  2720 | D:3      | Reached XP level 5. HP: 35/38 MP: 2/7
  2857 | D:3      | Noticed Robin
  2895 | D:3      | Killed Robin
  2896 | D:3      | Reached skill level 5 in Earth Magic
  3036 | D:3      | Found a broken altar of Ashenzari.
  3071 | D:3      | Noticed Natasha
  3084 | D:3      | Killed Natasha
  3318 | D:3      | Noticed a sky beast
  3332 | D:3      | Killed a sky beast
  3333 | D:3      | Reached XP level 6. HP: 19/45 MP: 9/9
  3604 | D:3      | Learned a level 2 spell: Passwall
  3608 | D:3      | Learned a level 3 spell: Stone Arrow
  3743 | D:3      | Found Aphesm's Jewellery Shop.
  4004 | D:4      | Found a sparkling altar of Nemelex Xobeh.
  4021 | D:4      | Found a sacrificial altar of Ru.
  4023 | D:4      | Found a shadowy altar of Dithmenos.
  4024 | D:4      | Found a basalt altar of Yredelemnul.
  4036 | D:4      | Reached skill level 6 in Earth Magic
  4055 | D:4      | Reached skill level 1 in Conjurations
  4092 | D:4      | Became a worshipper of Ru the Awakened
  4559 | D:4      | Reached XP level 7. HP: 50/50 MP: 3/10
  5036 | D:5      | Entered Level 5 of the Dungeon
  5246 | D:5      | Reached skill level 7 in Earth Magic
  5343 | D:5      | Found a staircase to the Ecumenical Temple.
  5508 | D:5      | Noticed Sigmund
  5513 | D:5      | Killed Sigmund
  5514 | D:5      | Reached XP level 8. HP: 57/57 MP: 1/11
  5620 | D:5      | Noticed Edmund
  5625 | D:5      | Found a sand-covered staircase.
  5630 | Ossuary  | Entered an ossuary
  5903 | Ossuary  | Gained mutation: You are sensitive to extremes of
                  | temperature. (rF-, rC-) [Ru sacrifice]
  5903 | Ossuary  | Reached * piety under Ru
  5903 | Ossuary  | Reached ** piety under Ru
  5962 | Ossuary  | Reached skill level 8 in Earth Magic
  6599 | D:5      | Killed Edmund
  6812 | D:5      | Found a runed translucent door.
  6813 | D:5      | Noticed Crazy Yiuf
  7030 | D:5      | Killed Crazy Yiuf
  7386 | D:6      | Noticed Maggie
  7393 | D:6      | Killed from afar by Maggie

Illustrated notes

Levels and vault maps discovered:
D:1:      dpeg_arrival_short_road, layout_rooms, chequers_decorated_corner,
          roderic_lattice_a, kennysheep_small_spiral, minmay_small_reverse_x
D:2:      wad_pebble_path, layout_basic, shapermc_ecumenical_altar_totnotflames,
          basic_altar, chequers_big_river, minmay_stone_trees_medium
D:3:      layout_basic, nicolae_ashenzari_skybound, tso_altar, serial_shops,
          shop, shop, uniq_natasha, uniq_robin
D:4:      minmay_evil_eye, layout_loops_ring, nemelex_dance_club_becter,
          grunt_temple_overflow_open, minmay_quantized
D:5:      layout_gridville, temple_green, enter_ossuary_2, uniq_edmund,
          uniq_sigmund, uniq_crazy_yiuf_cottage
D:6:      layout_gridville, uniq_maggie

Skill      XL: |  1  2  3  4  5  6  7  8 |
---------------+-------------------------+-----
Transmutations | 1 |  1.0
Spellcasting   | 2 3 |  3.0
Earth Magic    | 4 5 6 7 8 |  8.8
Stealth        | 3 4 |  4.1
Conjurations   | 1 3 4 |  4.8
Dodging        | |  1.7

Action                   |  1- 3 |  4- 6 |  7- 9 || total
-------------------------+-------+-------+-------++-------
Melee: Unarmed           |    11 |       |       ||    11
       Dagger            |    26 |    57 |   146 ||   229
 Cast: Sandblast         |    33 |    54 |    25 ||   112
       Stone Arrow       |       |       |    14 ||    14
Invok: Sacrifice Resista |       |       |     1 ||     1
Evoke: Wand              |       |       |     9 ||     9
  Use: Scroll            |       |     7 |     8 ||    15
 Stab: Sleeping          |     2 |     2 |     5 ||     9
       Distracted        |       |     1 |       ||     1
Armor: Robe              |     9 |    15 |    56 ||    80
Dodge: Dodged            |    32 |    52 |    77 ||   161
